 Dungeon Crawl Stone Soup version 0.29-a0-925-g0a7a3d12f8 (webtiles) character file.

Game seed: 12263994776677605278

105 Essalna the Insei (level 4, -3/30 HPs)
             Began as an Octopode Transmuter on July 29, 2022.
             Slain by an orc
             ... wielding a +0 trident
              (8 damage)
             ... on level 3 of the Dungeon.
             The game lasted 00:06:40 (3071 turns).

Essalna the Insei (Octopode Transmuter)             Turns: 3071, Time: 00:06:40

Health: -3/30      AC:  1    Str:  9    XL:     4   Next: 83%
Magic:  7/7        EV: 12    Int: 17    God:
Gold:   92         SH:  3    Dex: 12    Spells: 2/7 levels left

rFire   . . .      SeeInvis .     - Unarmed
rCold   . . .      Faith    .   h - +0 buckler
rNeg    . . .      Spirit   .   (helmet restricted)
rPois   .          Reflect  .   (no amulet)
rElec   .          Harm     .   (no ring)
rCorr   .          Rampage  .   (no ring)
Will    .....                   (no ring)
Stlth   ++........              (no ring)
HPRegen 0.10/turn               (no ring)
MPRegen 0.10/turn               (no ring)
                                (no ring)
                                (no ring)

@: no status effects
A: almost no armour, amphibious, 8 rings, camouflage 1, gelatinous body 1,
(nimble swimmer 1), tentacles
a: no special abilities


You were on level 3 of the Dungeon.
You visited 1 branch of the dungeon, and saw 3 of its levels.

You collected 92 gold pieces.

Inventory:

Armour
 d - an orb of guile {HEX}
 h - a +0 buckler (worn)
Magical Staves
 g - a staff of air
Scrolls
 k - a scroll of teleportation
 l - 2 scrolls of brand weapon
 o - a scroll of fear {unknown}
Potions
 a - a potion of lignification
 b - a potion of cancellation
 c - 2 potions of might {unknown}
 e - a potion of degeneration {unknown}
 f - 2 potions of resistance {unknown}
 i - a potion of attraction {unknown}
 j - a potion of ambrosia {unknown}
 m - a potion of mutation {unknown}
 n - a potion of haste {unknown}
 p - a potion of brilliance {unknown}


   Skills:
 + Level 2.4 Fighting
 - Level 2.0 Dodging
 + Level 1.2 Shields
 + Level 3.7 Unarmed Combat
 - Level 2.0 Spellcasting
 + Level 3.0 Transmutations
 + Level 0.4 Ice Magic


You had 2 spell levels left.
You knew the following spells:

 Your Spells              Type           Power      Damage    Failure   Level
a - Beastly Appendage     Tmut           22%        N/A       8%          1
b - Ice Form              Ice/Tmut       7%         N/A       77%         4

Your spell library contained the following spells:

 Spells                   Type           Power      Damage    Failure   Level
 Wereblood                Tmut           11%        N/A       11%         2
 Blink                    Tloc           2%         N/A       36%         2
 Spider Form              Tmut/Pois      6%         N/A       38%         3
 Lesser Beckoning         Tloc           1%         N/A       58%         3
 Manifold Assault         Tloc           1%         N/A       100%        5


Dungeon Overview and Level Annotations

Branches:
Dungeon (3/15)

Altars:


Innate Abilities, Weirdness & Mutations

You cannot wear most types of armour.
You are amphibious.
You can wear up to eight rings at the same time.
Your skin changes colour to match your surroundings (Stealth+).
Your rubbery body absorbs attacks. (AC +1, EV +1)
((You are camouflaged when in or above water. (Stealth+)))
You have tentacles for arms and can constrict up to eight enemies at once.


Message History

A goblin is nearby!
You see here a grey potion.
The helpless goblin fails to defend itself.
You tentacle-slap the goblin. You grab the goblin.
You squeeze the goblin, but do no damage.
The goblin is severely wounded.
You constrict the goblin, but do no damage.
The goblin hits you with a +0 club.
You tentacle-slap the goblin.
You kill the goblin!
No target in view!
HP restored.
You now have 92 gold pieces (gained 8).
p - a grey potion 2 orcs and an orc wizard come into view.
The orc shouts!
The orc wizard shouts!
You hear a shout! x2
An orc comes into view. It is wielding a +0 mace.
An orc wizard comes into view. It is wielding a +0 dagger.
The orc wizard barely misses you.
The orc wizard mumbles some strange words.
The orc wizard flickers and vanishes!
Deactivating autopickup; reactivate with Ctrl-A.
The orc shouts!
You tentacle-slap the orc wizard. Your grab misses the orc wizard.
The orc wizard is moderately wounded.
The orc wizard gestures wildly while chanting.
The orc wizard flickers and vanishes!
The orc hits you from afar with a +0 trident!
You barely miss something. Something hits you. The orc barely misses you.
You completely miss something.
You hear some strange, mumbled words.
A magic dart appears from out of thin air!
The magic dart hits you! The orc barely misses you.
You barely miss something. Something hits you.
The orc hits you from afar with a +0 trident.
* * * LOW HITPOINT WARNING * * *
You closely miss something. You squeeze something.
You block something's attack.
The orc hits you from afar with a +0 trident!
You die...

#.....#
#.....########
#...).........
#.....########
#.....#
#####.# #.#
#.########
#.@{ooo{..
#########.


You could see 3 orcs.

Vanquished Creatures
  Jessica (D:2)
  A gnoll (D:1)
  An adder (D:2)
  3 worms
  2 dart slugs (D:1)
  4 bats
  4 endoplasms
  A giant cockroach (D:1)
  2 goblins
  4 hobgoblins
  4 jackals (D:1)
  3 quokkas
  6 ball pythons
  2 frilled lizards
  6 kobolds
  2 rats
46 creatures vanquished.

Notes
Turn   | Place    | Note
-------+----------+-------------------------------------------
     0 | D:1      | Essalna the Octopode Transmuter began the quest for the
                  | Orb.
     0 | D:1      | Reached XP level 1. HP: 13/13 MP: 3/3
   494 | D:1      | Found a faded altar of an unknown god.
   809 | D:1      | Reached XP level 2. HP: 8/18 MP: 1/5
  1230 | D:1      | Reached XP level 3. HP: 21/24 MP: 4/6
  1742 | D:2      | HP: 1/24 [poisoned by an adder]
  2135 | D:2      | Noticed Jessica
  2146 | D:2      | Killed Jessica
  2147 | D:2      | Reached skill level 1 in Shields
  2147 | D:2      | Reached XP level 4. HP: 23/29 MP: 7/7
  2160 | D:2      | Learned a level 4 spell: Ice Form
  3071 | D:3      | Slain by an orc

Illustrated notes

Levels and vault maps discovered:
D:1:      heliophobic_arrival_ceremonial_halls, layout_loops_corners,
          hellmonk_ecumenical_altar_slurped_away
D:2:      layout_basic, uniq_jessica
D:3:      layout_basic, mainiacjoe_overflow_divided_tiny

Skill      XL: |  1  2  3  4 |
---------------+-------------+-----
Fighting       | 2 |  2.4
Shields        | 1 |  1.2
Transmutations | 3 |  3.0
Dodging        | |  2.0
Unarmed Combat | |  3.7
Spellcasting   | |  2.0
Ice Magic      | |  0.4

Action                   |  1- 3 |  4- 6 || total
-------------------------+-------+-------++-------
Melee: Unarmed           |    63 |    49 ||   112
       Tentacles         |     9 |    14 ||    23
       Kick              |    10 |     6 ||    16
       Constrict         |    17 |    11 ||    28
       Punch             |     1 |     1 ||     2
 Cast: Beastly Appendage |    12 |     5 ||    17
  Use: Scroll            |     2 |     2 ||     4
 Stab: Sleeping          |     6 |     2 ||     8
Armor: Skin              |     4 |     2 ||     6
Dodge: Dodged            |    32 |    33 ||    65
Block: Buckler           |     4 |     7 ||    11

Table legend: (Time is in decaauts)
 A = Elapsed time spent in this place.
 B = Non-inter-level travel time spent in this place.
 C = Inter-level travel time spent in this place.
 D = Time resting spent in this place.
 E = Time spent auto-exploring this place.
 F = Levels seen in this place.
 G = Mean time per level.
                   A        B        C        D        E       F      G
               +--------+--------+--------+--------+--------+-----+--------+
         Total |   3065 |   3035 |     30 |      0 |   2695 |   3 | 1021.7 |
       Dungeon |   3065 |   3035 |     30 |      0 |   2695 |   3 | 1021.7 |
               +--------+--------+--------+--------+--------+-----+--------+

Top non-repeatable levels by time:
     D:1: 1632 daAuts
     D:2: 1266 daAuts
     D:3: 166 daAuts
